 Dungeon Sprint DCSS version 0.29.1 (webtiles) character file.

Game seed: 16515677648011245677

101 rocky1 the Covered (level 4, -2/49 HPs)
             Began as a Minotaur Fighter on Sept 13, 2022.
             Drowned by a water elemental (10 damage)
             ... in the Dungeon (Sprint III: "The Ten Rune Challenge").
             The game lasted 00:00:53 (606 turns).

rocky1 the Covered (Minotaur Fighter)                Turns: 606, Time: 00:00:53

Health: -2/49      AC:  7    Str: 20    XL:     4   Next: 48%
Magic:  2/2        EV:  9    Int:  5    God:
Gold:   39         SH:  5    Dex: 12    Spells: 3/3 levels left

rFire   . . .      SeeInvis .   a - +0 long sword
rCold   . . .      Faith    .   c - +0 buckler
rNeg    . . .      Spirit   .   b - +0 scale mail
rPois   .          Reflect  .   (helmet restricted)
rElec   .          Harm     .   (no cloak)
rCorr   .          Rampage  .   (no gloves)
Will    .....      NoTele   +   (no boots)
Stlth   ..........              (no amulet)
HPRegen 0.16/turn               (no ring)
MPRegen 0.08/turn               (no ring)

@: engulfed (cannot breathe)
A: horns 2, retaliatory headbutt, low MP 1, robust 1
a: no special abilities


You were in the Dungeon.
You visited 1 branch You collected 39 gold pieces.

Inventory:

Hand Weapons
 a - a +0 long sword (weapon)
Armour
 b - a +0 scale mail (worn)
 c - a +0 buckler (worn)
Scrolls
 j - a scroll of blinking
 l - a scroll of immolation {unknown}
 m - 2 scrolls of poison {unknown}
 o - a scroll of identify {unknown}
Potions
 d - a potion of might
 e - a potion of curing
 g - a potion of haste
 h - 2 potions of magic
 i - 2 potions of berserk rage
 k - 3 potions of mutation
 n - 3 potions of flight
 p - a potion of degeneration {unknown}


   Skills:
 + Level 6.8 Fighting
 + Level 4.6 Long Blades
 + Level 6.9 Armour
 + Level 0.6 Dodging
 + Level 6.4 Shields


You had 3 spell levels left.
You didn't know any spells.
Your spell library was empty.

Dungeon Overview and Level Annotations

Branches:
Dungeon (1/1)

Altars:


Innate Abilities, Weirdness & Mutations

You have a pair of horns on your head.
You reflexively headbutt those who attack you in melee.
Your magical capacity is low. (-10% MP)
You are robust. (+10% HP)


Message History

You now have 39 gold pieces (gained 12).
It was a potion of mutation.
You feel extremely strange.
You feel robust.
You feel less energetic.
There is an open door here.
You enter the shallow water.
Moving in this stuff is going to be slow.
You open the door.
A water elemental comes into view.
Unknown command.
You closely miss the water elemental. You block the water elemental's attack.
You hit the water elemental.
The water elemental is lightly damaged.
The water elemental hits you!
The water elemental engulfs you in water!
The water elemental hits you.
You barely miss the water elemental.
The water elemental is lightly damaged.
Your lungs strain for air!
The water elemental hits you!
You barely miss the water elemental.
The water elemental is lightly damaged.
* * * LOW HITPOINT WARNING * * *
Your lungs strain for air!
The water elemental closely misses you.
You hit the water elemental but do no damage.
The water elemental is lightly damaged.
* * * LOW HITPOINT WARNING * * *
Your lungs strain for air!
The water elemental barely misses you.
You feel much better.
Your lungs strain for air!
You block the water elemental's attack.
You slash the water elemental! You headbutt the water elemental.
The water elemental is heavily damaged.
* * * LOW HITPOINT WARNING * * *
Your lungs strain for air!
The water elemental closely misses you.
You hit the water elemental.
The water elemental is heavily damaged.
You die...

▓▓▓▓▓▓▓▓▓▓▓▓ ▓▓▓
<.#..'.....♣♣ ♣.#
..#..#......♣ ♣.#
#'####....♣.♣ ..#
.....#....~♣♣♣♣♣.# #+#+#
.....#...~~...♣♣.#......
.....#..~~~~...♣@E.⌠....
####'#..~≈≈~~~♣♣.#...###
..)..#.~~≈~~~....# ⌠.#
.....#.~≈~~~.....# .#
.....#.~~~.......# #
'#####...........#
.................#
▓▓▓▓▓▓▓▓▓▓▓▓▓▓▓▓▓▓


You could see a water elemental.

Vanquished Creatures
  A scorpion (D)
  Jessica (D)
  A human (D)
  An endoplasm (D)
  A rat (D)
5 creatures vanquished.

Notes
Turn   | Place    | Note
-------+----------+-------------------------------------------
     0 | D        | rocky1 the Minotaur Fighter began the quest for the Orb.
     0 | D        | Reached XP level 1. HP: 19/19 MP: 0/0
    14 | D        | Noticed Jessica
    18 | D        | Killed Jessica
    19 | D        | Reached skill level 5 in Fighting
    19 | D        | Reached skill level 5 in Armour
    19 | D        | Reached skill level 5 in Shields
    19 | D        | Reached XP level 2. HP: 19/29 MP: 1/1
   157 | D        | Reached XP level 3. HP: 24/37 MP: 2/2
   270 | D        | Noticed a scorpion
   281 | D        | Killed a scorpion
   282 | D        | Reached XP level 4. HP: 18/45 MP: 3/3
   569 | D        | Gained mutation: You are robust. (+10% HP) [potion of
                  | mutation]
   569 | D        | Gained mutation: Your magical capacity is low. (-10% MP)
                  | [potion of mutation]
   597 | D        | Noticed a water elemental
   606 | D        | Drowned by a water elemental

Illustrated notes

Levels and vault maps discovered:
D:        dungeon_sprint_mu [sprint_mu_entry_forest, sprint_mu_temple_rooms,
          sprint_mu_d1_horrors, sprint_mu_d2_genie, sprint_mu_d3_branching,
          sprint_mu_orc_legion, sprint_mu_elf_gauntlet, sprint_mu_hive_nellie,
          sprint_mu_lair_fedhas, sprint_mu_vaults_butterflies,
          sprint_mu_slime_circle, sprint_mu_shoals_kraken,
          sprint_mu_snake_twists, sprint_mu_blade_basic,
          sprint_mu_crypt_chambers, sprint_mu_tomb_spiral,
          sprint_mu_vestibule_basic, sprint_mu_gehenna_hellfire,
          sprint_mu_dis_giant, sprint_mu_tartarus_statrot,
          sprint_mu_cocytus_islands, sprint_mu_zot1]

Skill      XL: |  1  2  3 |
---------------+----------+-----
Fighting       | 5 6 |  6.8
Armour         | 5 6 |  6.9
Shields        | 5 6 |  6.4
Long Blades    | 3 4 |  4.6
Dodging        | |  0.6

Action                   |  1- 3 |  4- 6 || total
-------------------------+-------+-------++-------
Melee: Long sword        |    25 |     7 ||    32
       Headbutt          |     9 |     1 ||    10
  Use: Potion            |       |     2 ||     2
Armor: Scale mail        |     8 |       ||     8
Dodge: Dodged            |     8 |     3 ||    11
Block: Buckler           |     7 |     2 ||     9
